General information
- name: BNet
- type: Ladder team game (AT/RT)
- host: Battle.net
- saver: COOLMIKE162
map: GoldRush
- players: 8
- length: 31:07
- speed: Fast
- version: 1.23 W3XP
- replay type: Public
» download(304 KB)
Players
team 1 (loser)

»
casifer (
green | 70 APM | 1903 actions | 27:11)
3 Mountain King
2 Storm Bolt
1 Bash
» actions
| Assign group hotkey | 57 | |
| Basic commands | 46 | |
| Build / train | 65 | |
| ESC pressed | 2 | |
| Enter build submenu | 21 | |
| Enter hero's abilities submenu | 4 | |
| Give item / drop item | 1 | |
| Right click | 797 | |
| Select / deselect | 394 | |
| Select group hotkey | 436 | |
| Use ability | 80 | |
1903 total
» units
» upgrades
» buildings
| Altar of Kings | 1 | |
| Barracks | 1 | |
| Farm | 8 | |
| Town Hall | 1 | |
| Lumber Mill | 2 | |
| Scout Tower | 4 | |
17 total
» build order
00:05 Altar of Kings
00:20 Barracks
00:34 Farm
00:49 Farm
01:38 Farm
02:26 Farm
03:57 Farm
04:34 Farm
05:09 Farm
06:08 Town Hall
09:40 Lumber Mill
09:42 Scout Tower
09:44 Scout Tower
11:18 Lumber Mill
11:24 Scout Tower
11:26 Scout Tower
11:44 Farm
» items
| Scroll of Town Portal | 1 | |
| Boots of Speed | 1 | |
| Staff of Teleportation | 1 | |
| Healing Salve | 2 | |
| Lesser Clarity Potion | 2 | |
| Orb of Lightning | 1 | |
| Scroll of Speed | 1 | |
9 total
Fiar (
purple | 68 APM | 1842 actions | 27:13)
3 Mountain King
2 Storm Bolt
1 Bash
2 Paladin
1 Holy Light
1 Divine Shield
» actions
| Assign group hotkey | 14 | |
| Basic commands | 4 | |
| Build / train | 124 | |
| Enter build submenu | 37 | |
| Enter hero's abilities submenu | 5 | |
| Give item / drop item | 1 | |
| Remove unit from queue | 2 | |
| Right click | 1035 | |
| Select / deselect | 455 | |
| Select group hotkey | 53 | |
| Use ability | 111 | |
1842 total
» units
| Peasant | 29 | |
| Footman | 12 | |
| Siege Engine | 2 | |
| Dragonhawk Rider | 2 | |
| Flying Machine | 17 | |
62 total
» upgrades
| Defend | 1 | |
| Lumber Harvesting | 2 | |
| Gunpowder | 2 | |
| Flak Cannons | 1 | |
| Masonry | 2 | |
| Fragmentation Shards | 1 | |
| Barrage | 1 | |
| Cloud | 1 | |
| Plating | 1 | |
| Magic Sentry | 1 | |
13 total
» buildings
| Altar of Kings | 1 | |
| Barracks | 1 | |
| Farm | 9 | |
| Lumber Mill | 1 | |
| Keep | 1 | |
| Blacksmith | 1 | |
| Town Hall | 4 | |
| Scout Tower | 31 | |
| Castle | 2 | |
| Guard Tower | 23 | |
| Workshop | 3 | |
| Arcane Vault | 1 | |
| Gryphon Aviary | 1 | |
| Arcane Sanctum | 1 | |
80 total
» build order
00:08 Altar of Kings
00:13 Barracks
00:24 Farm
00:44 Farm
02:17 Farm
02:45 Farm
03:52 Lumber Mill
04:20 Farm
05:01 Keep
06:25 Blacksmith
06:58 Town Hall
07:01 Scout Tower
07:02 Scout Tower
07:02 Scout Tower
07:02 Scout Tower
07:02 Scout Tower
07:28 Castle
07:28 Castle
07:30 Farm
07:35 Guard Tower
07:36 Guard Tower
07:43 Workshop
08:01 Guard Tower
08:02 Guard Tower
09:00 Workshop
09:03 Arcane Vault
09:29 Workshop
09:33 Scout Tower
09:34 Scout Tower
09:34 Scout Tower
09:39 Scout Tower
10:40 Scout Tower
10:40 Scout Tower
10:40 Scout Tower
10:46 Guard Tower
10:46 Guard Tower
11:34 Guard Tower
11:34 Guard Tower
11:50 Guard Tower
11:52 Scout Tower
11:52 Scout Tower
11:56 Town Hall
12:02 Guard Tower
12:06 Guard Tower
12:06 Guard Tower
12:08 Scout Tower
12:38 Guard Tower
12:38 Guard Tower
12:41 Guard Tower
13:28 Gryphon Aviary
13:32 Farm
13:32 Farm
14:42 Arcane Sanctum
15:59 Scout Tower
15:59 Scout Tower
15:59 Scout Tower
16:00 Scout Tower
16:00 Scout Tower
16:02 Scout Tower
16:02 Scout Tower
16:17 Scout Tower
16:17 Scout Tower
16:46 Scout Tower
16:49 Scout Tower
16:51 Scout Tower
16:54 Scout Tower
17:11 Guard Tower
19:02 Town Hall
20:18 Scout Tower
20:19 Scout Tower
24:52 Guard Tower
24:52 Guard Tower
24:55 Town Hall
» items
| Scroll of Town Portal | 5 | |
| Scroll of Regeneration | 1 | |
| Orb of Corruption | 1 | |
| Potion of Healing | 1 | |
8 total
R1CETHEBACKSTAB (
blue | 102 APM | 3183 actions | 31:06)
6 Blademaster
3 Wind Walk
2 Critical Strike
1 Bladestorm
3 Shadow Hunter
1 Hex
2 Healing Wave
» actions
| Assign group hotkey | 99 | |
| Build / train | 88 | |
| ESC pressed | 9 | |
| Enter build submenu | 27 | |
| Enter hero's abilities submenu | 9 | |
| Give item / drop item | 5 | |
| Right click | 1513 | |
| Select / deselect | 368 | |
| Select group hotkey | 838 | |
| Use ability | 227 | |
3183 total
» units
| Peon | 33 | |
| Grunt | 4 | |
| Troll Batrider | 17 | |
54 total
» upgrades
| Pillage | 1 | |
| Liquid Fire | 1 | |
| Reinforced Defenses | 1 | |
3 total
» buildings
| Altar of Storms | 1 | |
| Orc Burrow | 5 | |
| Barracks | 1 | |
| Voodoo Lounge | 2 | |
| Stronghold | 2 | |
| War Mill | 1 | |
| Great Hall | 3 | |
| Watch Tower | 8 | |
| Beastiary | 4 | |
| Fortress | 1 | |
28 total
» build order
00:09 Altar of Storms
00:19 Orc Burrow
00:37 Barracks
01:33 Voodoo Lounge
01:38 Orc Burrow
01:52 Voodoo Lounge
03:22 Stronghold
03:22 Stronghold
03:52 Orc Burrow
04:19 War Mill
04:51 Great Hall
05:57 Watch Tower
05:59 Watch Tower
07:54 Beastiary
08:19 Beastiary
09:25 Beastiary
09:42 Orc Burrow
10:53 Fortress
11:58 Orc Burrow
13:19 Great Hall
13:39 Beastiary
15:02 Watch Tower
15:21 Watch Tower
16:08 Watch Tower
16:11 Watch Tower
17:27 Watch Tower
17:27 Watch Tower
20:57 Great Hall
» items
| Healing Salve | 2 | |
| Boots of Speed | 3 | |
| Scroll of Town Portal | 1 | |
| Lesser Clarity Potion | 1 | |
| Staff of Teleportation | 2 | |
| Potion of Lesser Invulnerability | 1 | |
| Dust of Appearance | 1 | |
| Potion of Mana | 2 | |
| Orb of Corruption | 1 | |
14 total
TehPactisSealed (
teal | 67 APM | 1825 actions | 27:13)
5 Death Knight
3 Death Coil
2 Unholy Aura
2 Lich
1 Frost Nova
1 Frost Armor
2 Dark Ranger
1 Silence
1 Black Arrow
» actions
| Assign group hotkey | 140 | |
| Basic commands | 4 | |
| Build / train | 83 | |
| Enter build submenu | 23 | |
| Enter hero's abilities submenu | 9 | |
| Give item / drop item | 6 | |
| Right click | 622 | |
| Select / deselect | 415 | |
| Select group hotkey | 445 | |
| Use ability | 78 | |
1825 total
» units
| Acolyte | 12 | |
| Ghoul | 4 | |
| Crypt Fiend | 11 | |
| Frost Wyrm | 10 | |
37 total
» upgrades
| Backpack | 1 | |
| Creature Attack | 2 | |
| Web | 1 | |
| Creature Carapace | 2 | |
6 total
» buildings
| Crypt | 1 | |
| Graveyard | 2 | |
| Altar of Darkness | 1 | |
| Ziggurat | 8 | |
| Tomb of Relics | 1 | |
| Spirit Tower | 3 | |
| Nerubian Tower | 2 | |
| Necropolis | 1 | |
| Halls of the Dead | 1 | |
| Sacrificial Pit | 2 | |
| Black Citadel | 1 | |
| Boneyard | 3 | |
26 total
» build order
00:05 Crypt
00:10 Graveyard
00:43 Altar of Darkness
01:07 Ziggurat
01:37 Tomb of Relics
02:16 Spirit Tower
02:22 Ziggurat
03:19 Ziggurat
06:22 Nerubian Tower
06:22 Spirit Tower
08:01 Ziggurat
08:30 Necropolis
09:02 Nerubian Tower
09:28 Halls of the Dead
11:21 Ziggurat
11:22 Ziggurat
11:52 Sacrificial Pit
12:04 Black Citadel
12:20 Spirit Tower
12:45 Ziggurat
15:59 Sacrificial Pit
16:53 Graveyard
17:43 Boneyard
17:44 Boneyard
18:03 Boneyard
20:08 Ziggurat
» items
| Rod of Necromancy | 2 | |
| Dust of Appearance | 1 | |
| Scroll of Town Portal | 5 | |
| Potion of Lesser Invulnerability | 2 | |
| Potion of Healing | 5 | |
| Scroll of Healing | 5 | |
| Orb of Corruption | 1 | |
21 total
team 2 (winner)

»
COOLMIKE162 (
pink | 108 APM | 3350 actions | 31:07)
3 Mountain King
2 Storm Bolt
1 Bash
4 Archmage
2 Summon Water Elemental
2 Brilliance Aura
2 Paladin
1 Holy Light
1 Divine Shield
» actions
| Assign group hotkey | 131 | |
| Basic commands | 16 | |
| Build / train | 128 | |
| ESC pressed | 5 | |
| Enter build submenu | 41 | |
| Enter hero's abilities submenu | 9 | |
| Remove unit from queue | 1 | |
| Right click | 1250 | |
| Select / deselect | 678 | |
| Select group hotkey | 886 | |
| Use ability | 205 | |
3350 total
» units
| Peasant | 32 | |
| Footman | 8 | |
| Dragonhawk Rider | 3 | |
| Siege Engine | 8 | |
| Gryphon Rider | 1 | |
52 total
» upgrades
| Defend | 1 | |
| Masonry | 2 | |
| Cloud | 1 | |
| Armor | 3 | |
| Barrage | 1 | |
| Swords | 3 | |
| Storm Hammers | 1 | |
| Gunpowder | 2 | |
| Plating | 2 | |
16 total
» buildings
| Altar of Kings | 1 | |
| Barracks | 1 | |
| Farm | 8 | |
| Keep | 1 | |
| Scout Tower | 16 | |
| Town Hall | 4 | |
| Arcane Tower | 1 | |
| Lumber Mill | 1 | |
| Guard Tower | 26 | |
| Arcane Vault | 1 | |
| Castle | 2 | |
| Blacksmith | 2 | |
| Gryphon Aviary | 3 | |
| Workshop | 4 | |
71 total
» build order
00:07 Altar of Kings
00:20 Barracks
00:36 Farm
00:50 Farm
01:35 Farm
02:18 Farm
03:52 Keep
04:01 Scout Tower
05:01 Town Hall
05:04 Arcane Tower
05:45 Lumber Mill
06:26 Scout Tower
06:27 Scout Tower
06:29 Farm
07:37 Guard Tower
07:40 Arcane Vault
07:41 Farm
09:12 Town Hall
10:33 Castle
10:33 Castle
11:41 Scout Tower
11:42 Scout Tower
12:09 Guard Tower
12:11 Guard Tower
12:15 Guard Tower
12:25 Town Hall
12:29 Scout Tower
12:30 Scout Tower
12:34 Guard Tower
12:41 Farm
12:50 Blacksmith
13:03 Guard Tower
13:03 Guard Tower
13:26 Scout Tower
13:27 Guard Tower
14:15 Guard Tower
14:15 Guard Tower
14:21 Gryphon Aviary
14:35 Gryphon Aviary
15:12 Workshop
15:18 Workshop
15:59 Workshop
17:05 Farm
17:38 Workshop
18:14 Scout Tower
18:15 Scout Tower
19:04 Scout Tower
19:05 Scout Tower
19:07 Scout Tower
19:08 Scout Tower
19:10 Scout Tower
19:13 Scout Tower
19:33 Guard Tower
19:33 Guard Tower
19:33 Guard Tower
19:41 Guard Tower
19:45 Guard Tower
19:55 Guard Tower
20:06 Guard Tower
20:14 Guard Tower
20:14 Guard Tower
20:49 Town Hall
22:26 Blacksmith
24:24 Gryphon Aviary
» items
| Scroll of Town Portal | 4 | |
| Lesser Clarity Potion | 3 | |
| Potion of Healing | 2 | |
| Ivory Tower | 3 | |
| Scroll of Regeneration | 1 | |
| Potion of Mana | 1 | |
14 total

»
D3STRUCTION (
yellow | 70 APM | 2186 actions | 31:06)
5 Death Knight
3 Death Coil
2 Unholy Aura
3 Lich
2 Frost Nova
1 Frost Armor
» actions
| Assign group hotkey | 135 | |
| Basic commands | 123 | |
| Build / train | 83 | |
| ESC pressed | 1 | |
| Enter build submenu | 30 | |
| Enter hero's abilities submenu | 9 | |
| Right click | 1029 | |
| Select / deselect | 325 | |
| Select group hotkey | 336 | |
| Use ability | 115 | |
2186 total
» units
| Acolyte | 17 | |
| Ghoul | 3 | |
| Crypt Fiend | 11 | |
| Frost Wyrm | 8 | |
39 total
» upgrades
| Creature Attack | 3 | |
| Creature Carapace | 4 | |
| Web | 1 | |
| Burrow | 1 | |
| Freezing Breath | 1 | |
10 total
» buildings
| Graveyard | 1 | |
| Crypt | 1 | |
| Altar of Darkness | 1 | |
| Ziggurat | 13 | |
| Tomb of Relics | 1 | |
| Nerubian Tower | 2 | |
| Halls of the Dead | 1 | |
| Spirit Tower | 3 | |
| Sacrificial Pit | 1 | |
| Black Citadel | 1 | |
| Boneyard | 2 | |
| Necropolis | 1 | |
28 total
» build order
00:15 Graveyard
00:19 Crypt
00:50 Altar of Darkness
00:57 Ziggurat
01:22 Tomb of Relics
02:34 Ziggurat
02:59 Nerubian Tower
04:27 Ziggurat
04:30 Ziggurat
04:45 Ziggurat
05:45 Halls of the Dead
07:16 Spirit Tower
07:17 Ziggurat
08:23 Nerubian Tower
09:55 Sacrificial Pit
11:00 Black Citadel
12:58 Spirit Tower
12:59 Ziggurat
13:01 Ziggurat
14:04 Boneyard
14:30 Necropolis
15:28 Boneyard
15:54 Spirit Tower
15:59 Ziggurat
22:23 Ziggurat
22:25 Ziggurat
22:27 Ziggurat
22:30 Ziggurat
» items
| Rod of Necromancy | 1 | |
| Sacrificial Skull | 1 | |
| Scroll of Town Portal | 4 | |
| Scroll of Healing | 3 | |
| Potion of Healing | 3 | |
| Potion of Mana | 2 | |
| Orb of Corruption | 1 | |
| Dust of Appearance | 1 | |
16 total

»
HOLYCRAPIMCOOL (
red | 94 APM | 2931 actions | 31:06)
7 Death Knight
3 Death Coil
3 Unholy Aura
1 Animate Dead
5 Lich
3 Frost Nova
2 Dark Ritual
5 Pandaren Brewmaster
2 Drunken Haze
3 Breath of Fire
» actions
| Assign group hotkey | 60 | |
| Basic commands | 151 | |
| Build / train | 104 | |
| ESC pressed | 6 | |
| Enter build submenu | 37 | |
| Enter hero's abilities submenu | 18 | |
| Give item / drop item | 13 | |
| Right click | 950 | |
| Select / deselect | 406 | |
| Select group hotkey | 1016 | |
| Use ability | 170 | |
2931 total
» units
| Acolyte | 15 | |
| Ghoul | 5 | |
| Crypt Fiend | 5 | |
| Obsidian Statue | 3 | |
| Frost Wyrm | 3 | |
31 total
» upgrades
| Creature Attack | 3 | |
| Destroyer Form | 1 | |
| Creature Carapace | 3 | |
| Freezing Breath | 1 | |
8 total
» buildings
| Graveyard | 2 | |
| Crypt | 2 | |
| Altar of Darkness | 2 | |
| Ziggurat | 16 | |
| Tomb of Relics | 1 | |
| Nerubian Tower | 2 | |
| Halls of the Dead | 5 | |
| Spirit Tower | 10 | |
| Necropolis | 3 | |
| Black Citadel | 2 | |
| Sacrificial Pit | 1 | |
| Slaughterhouse | 1 | |
| Boneyard | 4 | |
51 total
» build order
00:03 Graveyard
00:05 Crypt
00:40 Altar of Darkness
00:56 Ziggurat
01:25 Tomb of Relics
02:01 Ziggurat
02:57 Nerubian Tower
03:30 Ziggurat
03:37 Ziggurat
04:33 Nerubian Tower
05:04 Halls of the Dead
05:05 Halls of the Dead
05:05 Halls of the Dead
05:55 Spirit Tower
05:56 Spirit Tower
05:56 Spirit Tower
06:00 Ziggurat
06:56 Spirit Tower
07:04 Ziggurat
07:05 Ziggurat
07:08 Necropolis
08:04 Spirit Tower
08:31 Black Citadel
08:32 Black Citadel
08:35 Sacrificial Pit
08:59 Slaughterhouse
09:02 Spirit Tower
10:53 Boneyard
10:54 Boneyard
11:06 Boneyard
11:11 Boneyard
13:23 Ziggurat
15:57 Spirit Tower
22:08 Necropolis
22:34 Halls of the Dead
24:29 Ziggurat
24:30 Ziggurat
24:34 Ziggurat
25:28 Necropolis
27:42 Halls of the Dead
27:44 Ziggurat
27:44 Ziggurat
27:45 Ziggurat
28:54 Ziggurat
29:00 Ziggurat
30:07 Altar of Darkness
30:10 Graveyard
30:11 Crypt
» items
| Rod of Necromancy | 2 | |
| Sacrificial Skull | 1 | |
| Scroll of Town Portal | 2 | |
| Potion of Healing | 5 | |
| Dust of Appearance | 1 | |
| Healing Salve | 1 | |
| Lesser Clarity Potion | 2 | |
| Orb of Corruption | 2 | |
| Scroll of Healing | 1 | |
| Orb of Fire | 1 | |
18 total

»
JEWFACE8) (
orange | 129 APM | 4007 actions | 31:06)
7 Blademaster
3 Wind Walk
3 Critical Strike
1 Bladestorm
» actions
| Assign group hotkey | 226 | |
| Basic commands | 10 | |
| Build / train | 99 | |
| ESC pressed | 11 | |
| Enter build submenu | 59 | |
| Enter hero's abilities submenu | 7 | |
| Give item / drop item | 2 | |
| Right click | 1880 | |
| Select / deselect | 410 | |
| Select group hotkey | 1116 | |
| Use ability | 187 | |
4007 total
» units
| Peon | 34 | |
| Grunt | 5 | |
| Troll Batrider | 20 | |
59 total
» upgrades
| Reinforced Defenses | 1 | |
| Liquid Fire | 1 | |
2 total
» buildings
| Altar of Storms | 2 | |
| Orc Burrow | 7 | |
| Barracks | 1 | |
| War Mill | 4 | |
| Great Hall | 5 | |
| Voodoo Lounge | 2 | |
| Watch Tower | 27 | |
| Stronghold | 5 | |
| Beastiary | 2 | |
| Fortress | 2 | |
57 total
» build order
00:07 Altar of Storms
00:22 Orc Burrow
00:36 Barracks
01:30 War Mill
01:51 Orc Burrow
03:08 Great Hall
03:21 Voodoo Lounge
03:37 Watch Tower
04:40 Watch Tower
05:34 Stronghold
05:34 Stronghold
05:35 Watch Tower
05:49 Watch Tower
05:54 Watch Tower
07:00 Watch Tower
07:01 Watch Tower
07:20 War Mill
07:37 Watch Tower
07:39 Watch Tower
08:46 Watch Tower
09:18 Orc Burrow
10:28 Stronghold
10:28 Stronghold
10:43 Orc Burrow
11:36 Great Hall
12:03 War Mill
13:04 Orc Burrow
13:05 Orc Burrow
13:57 Beastiary
14:32 Beastiary
14:50 Orc Burrow
15:45 Great Hall
16:39 Altar of Storms
16:50 Watch Tower
16:51 Watch Tower
16:51 Watch Tower
16:52 Watch Tower
17:23 Watch Tower
17:52 Fortress
17:52 Fortress
17:54 Voodoo Lounge
18:09 War Mill
18:37 Great Hall
26:00 Watch Tower
26:01 Watch Tower
26:01 Watch Tower
26:02 Watch Tower
27:56 Watch Tower
28:31 Great Hall
28:41 Watch Tower
28:42 Watch Tower
29:50 Watch Tower
29:50 Watch Tower
29:51 Watch Tower
29:51 Watch Tower
30:27 Watch Tower
» items
| Healing Salve | 2 | |
| Lesser Clarity Potion | 7 | |
| Boots of Speed | 2 | |
| Staff of Teleportation | 1 | |
| Orb of Corruption | 3 | |
| Scroll of Town Portal | 1 | |
| Potion of Mana | 1 | |
17 total
Chat log
(00:04 / All) R1CETHEBACKSTAB: oh lawd
(00:08 / All) casifer: dbl raxing dis shit
(00:09 / All) casifer: oh snap son
(00:11 / All) COOLMIKE162: im going to drop again
(00:16 / All) JEWFACE8): or me
(00:16 / All) JEWFACE8): gl
(00:17 / All) casifer: plz dont
(00:18 / All) R1CETHEBACKSTAB: plz no michael
(00:18 / All) COOLMIKE162: 'nice races'
(00:28 / All) TehPactisSealed: well we had a conversation
(00:33 / All) TehPactisSealed: somebody insisted on rice going or
(00:34 / All) TehPactisSealed: c
(00:39 / All) casifer: guess who it is
(00:41 / All) Fiar: i did
(00:42 / All) COOLMIKE162: fiar
(00:46 / All) COOLMIKE162: he's the only one who still cares
(00:56 / All) TehPactisSealed: hey
(00:59 / All) Fiar: no i would have gone orc if i didnt want my sb icon
(00:59 / All) TehPactisSealed: lets be civil
(01:00 / All) TehPactisSealed: hf sirs
(01:02 / All) HOLYCRAPIMCOOL: i facebook stalked a 12 year old and raped her
(01:10 / All) COOLMIKE162: im the 12 year old
(01:16 / All) JEWFACE8): im the faceboojk
(07:22 / All) TehPactisSealed: nice hack
(07:27 / All) JEWFACE8): lol
(11:30 / All) HOLYCRAPIMCOOL: "get the dk" - fiar
(12:17 / All) HOLYCRAPIMCOOL: jamel has a big booty
(17:46 / All) JEWFACE8): hacker
(17:58 / All) R1CETHEBACKSTAB: u
(18:02 / All) JEWFACE8): :D
(21:19 / All) COOLMIKE162: "their ud sucks"-dave
(21:25 / All) TehPactisSealed: k
(21:25 / All) TehPactisSealed: 1v1
(21:26 / All) TehPactisSealed: ?
(21:32 / All) JEWFACE8): noo
(21:33 / All) COOLMIKE162: please ber civil
(26:49 / All) JEWFACE8): 1v1
(27:04 / All) casifer: gg~
(27:09 / All) JEWFACE8): gg
(27:12 / All) TehPactisSealed: gg sirs
(28:55 / All) HOLYCRAPIMCOOL: -.-
(29:06 / All) R1CETHEBACKSTAB: hey man
(29:10 / All) COOLMIKE162: i think i love my wife
(29:20 / All) JEWFACE8): i thibk i love you too
(29:36 / All) D3STRUCTION: FUCK
(29:36 / All) R1CETHEBACKSTAB: i am batman
(29:38 / All) R1CETHEBACKSTAB: you cant kill me
(29:41 / All) R1CETHEBACKSTAB: give up
(29:46 / All) COOLMIKE162: Agreed leave?
(29:49 / All) R1CETHEBACKSTAB: CUTE
(29:57 / All) COOLMIKE162: who is teal
(29:59 / All) COOLMIKE162: he really does suck
(30:04 / All) COOLMIKE162: at 4s at any rate
(30:08 / All) D3STRUCTION: come out rice
(30:12 / All) COOLMIKE162: for years you guys ridiculed frost wyrm massing but evidently everyone can't do it
(30:32 / All) R1CETHEBACKSTAB: yeah i call bm users faggots too
(30:38 / All) R1CETHEBACKSTAB: doesnt mean im not gonna get a bm
(30:38 / All) JEWFACE8): lol
(30:45 / All) JEWFACE8): i have 8.5k
(30:47 / All) JEWFACE8): im so c00l
(30:48 / All) R1CETHEBACKSTAB: me2